 Dungeon Crawl Stone Soup version 0.25.0-11-g1f837a76a1 (webtiles) character file.

Game seed: 13361295029095608239

640693 iamserjio the Timeless (level 26, -5/267 HPs)
             Began as a Gnoll Ice Elementalist on June 25, 2020.
             Was a High Priest of Cheibriados.
             Slain by Cerebov
             ... wielding the +6 sword of Cerebov {flame}
              (9 damage)
             ... in Pandemonium on June 27, 2020.
             The game lasted 05:05:23 (19624 turns).

iamserjio the Timeless (Gnoll Ice Elementalist)    Turns: 19624, Time: 05:05:23

Health: -5/267     AC: 40    Str: 22    XL:     26   Next: 37%
Magic:  10/44      EV: 32    Int: 48    God:    Cheibriados [*****.]
Gold:   2493       SH: 20    Dex: 31    Spells: 6/59 levels left

rFire    + . .     SeeInvis +     - Unarmed
rCold    + . .     Gourm    .   P - +4 kite shield {rC+ rF+}
rNeg     + . .     Faith    .   (armour currently unavailable)
rPois    ∞         Spirit   .   n - +2 helmet {SInv}
rElec    +         Reflect  .   D - +2 cloak
rCorr    .         Harm     .   (gloves currently unavailable)
MR       ++++.                  (boots currently unavailable)
Stlth    +++++++...             l - amulet of magic regeneration
HPRegen  0.54/turn              e - ring of Qurays {+Blink rF+ MR+ Str-3 Int+3}
MPRegen  0.54/turn              g - ring of the Mage {Wiz MR++ Int+3}

@: statue-form, fire vulnerable, very slow
A: distributed training, fangs 1, blink, electricity resistance, strong nose
}: 7/15 runes: barnacled, slimy, silver, golden, abyssal, demonic, gossamer
a: End Transformation, Blink, Bend Time, Temporal Distortion, Slouch, Step From
Time, Renounce Religion, Evoke Blink


You were in Pandemonium.
You worshipped Cheibriados.
Cheibriados was extremely pleased with you.
You were not hungry.
You were a stone statue.
You visited 12 branches of the dungeon, and saw 52 of its levels.
You visited Pandemonium 2 times, and saw 3 of its levels.
You visited the Abyss 1 time.
You visited 1 ziggurat, and saw 7 of its levels.
You also visited: Sewer, Ice Cave and Volcano.

You collected 6298 gold pieces.
You spent 3805 gold pieces at shops.

Inventory:

Hand Weapons
 w - a +9 eudemon blade of holy wrath
 J - the +10 zealot's sword {holy, *Rage rN+ EV+3}
   (You found it on level 3 of the Crypt)

   It has been blessed by the Shining One to cause great damage to the undead
   and demons.
   It affects your evasion (+3).
   It protects you from negative energy.
   It may make you go berserk in combat.
 T - the +4 hand crossbow of Subterfuge {penet, Str-3 Int+8 Dex+9}
   (You found it on level 4 of the Dungeon)

   Ammo fired by it will pass through the targets it hits, potentially hitting
   all targets in its path until it reaches maximum range.
   It affects your strength (-3).
   It affects your intelligence (+8).
   It affects your dexterity (+9).
Missiles
 i - 10 throwing nets {!f}
 v - 38 silver javelins (quivered)
 O - 12 curare-tipped darts
Armour
 n - a +2 helmet of see invisible (worn)
 B - a +1 pair of boots of flying (melded)
 D - a +2 cloak (worn)
 F - a +1 pair of gloves of archery (melded)
 M - a +0 troll leather armour (melded)
 P - a +4 kite shield of resistance (worn)
Jewellery
 a - a +6 ring of intelligence
 e - the ring of Qurays (left hand) {+Blink rF+ MR+ Str-3 Int+3}
   (You found it on level 3 of the Crypt)

   [ring of protection from magic]

   It affects your strength (-3).
   It affects your intelligence (+3).
   It protects you from fire.
   It affects your resistance to hostile enchantments.
   It lets you blink.
 g - the ring of the Mage (right hand) {Wiz MR++ Int+3}
   (You bought it in a shop on level 5 of the Dungeon)

   [ring of wizardry]

   It improves your spell success rate.
   It affects your intelligence (+3).
   It affects your resistance to hostile enchantments.
 l - an amulet of magic regeneration (around neck)
 m - the ring of Wu Jian's Generosity {rElec rCorr Str-2 Dex+3 SInv}
   (You found it on level 4 of a ziggurat)

   [ring of resist corrosion]

   It affects your strength (-2).
   It affects your dexterity (+3).
   It insulates you from electricity.
   It lets you see invisible.
   It provides partial protection from all sources of acid and corrosion.
 o - an uncursed ring of ice
 q - an uncursed ring of protection from fire
 z - an uncursed ring of positive energy
 C - an uncursed amulet of regeneration
 I - a +4 ring of evasion
Wands
 p - a wand of paralysis (33)
 E - a wand of acid (8)
 H - a wand of iceblast (6)
 K - a wand of clouds (5)
 U - a wand of enslavement (26)
 Y - a wand of digging (12)
Scrolls
 f - 9 scrolls of fog
 h - 12 scrolls of remove curse {@r2}
 j - 9 scrolls of magic mapping
 s - 2 scrolls of amnesia
 u - 6 scrolls of blinking
 L - 9 scrolls of identify {@r1}
 Q - 4 scrolls of holy word
 R - 7 scrolls of teleportation {@r3}
 S - 3 scrolls of silence
 Z - a scroll of fear
Potions
 b - 7 potions of might
 d - a potion of ambrosia
 k - 4 potions of lignification
 t - 11 potions of cancellation
 x - 19 potions of curing {@q1}
 y - 7 potions of mutation
 A - 6 potions of heal wounds
 V - 2 potions of invisibility
 W - 3 potions of resistance
Miscellaneous
 G - a tin of tremorstones (3/3)
 N - 3 boxes of beasts
 X - 4 phantom mirrors
Comestibles
 c - 48 rations


   Skills:
 + Level 16.4 Fighting
 + Level 16.4 Short Blades
 + Level 16.4 Long Blades
 + Level 16.4 Axes
 + Level 16.4 Maces & Flails
 + Level 16.4 Polearms
 + Level 16.4 Staves
 + Level 17.5 Slings
 + Level 16.4 Bows
 + Level 16.4 Crossbows
 + Level 16.4 Throwing
 + Level 16.4 Armour
 + Level 16.9 Dodging
 + Level 16.8 Stealth
 + Level 16.4 Shields
 + Level 16.4 Unarmed Combat
 + Level 17.0 Spellcasting
 + Level 14.1 Conjurations
 + Level 14.1 Hexes
 + Level 14.1 Charms
 + Level 14.1 Summonings
 + Level 14.1 Necromancy
 + Level 14.1 Translocations
 + Level 14.1 Transmutations
 + Level 14.1 Fire Magic
 + Level 15.4 Ice Magic
 + Level 14.1 Air Magic
 + Level 14.1 Earth Magic
 + Level 14.1 Poison Magic
 + Level 17.7 Invocations
 + Level 16.4 Evocations


You had 6 spell levels left.
You knew the following spells:

 Your Spells              Type           Power        Failure   Level  Hunger
a - Aura of Abjuration    Summ           ########..   1%          5    None
b - Controlled Blink      Tloc           N/A          4%          8    ##.....
c - Borgnjor's Vile Clut  Necr/Erth      ########..   1%          5    None
d - Invisibility          Hex            ########     1%          6    None
e - Statue Form           Tmut/Erth      ########.    1%          6    None
f - Irradiate             Conj/Tmut      ########..   1%          5    None
g - Passage of Golubria   Tloc           N/A          0%          4    None
h - Blink                 Tloc           N/A          0%          2    None
i - Passwall              Tmut/Erth      ########     0%          2    None
j - Summon Butterflies    Summ           ########     0%          1    None
k - Apportation           Tloc           ######       0%          1    None
l - Summon Forest         Summ/Tloc      ########..   1%          5    None
m - Lesser Beckoning      Tloc           ########..   0%          3    None

Your spell library contained the following spells:

 Spells                   Type           Power        Failure   Level  Hunger
 Animate Skeleton         Necr           N/A          0%          1    None
 Corona                   Hex            #######      0%          1    None
 Foxfire                  Conj/Fire      ####         0%          1    None
 Freeze                   Ice            ####         0%          1    None
 Magic Dart               Conj           ####         0%          1    None
 Pain                     Necr           ####         0%          1    None
 Shock                    Conj/Air       ####         0%          1    None
 Summon Small Mammal      Summ           ####         0%          1    None
 Call Imp                 Summ           ########     0%          2    None
 Corpse Rot               Necr/Air       N/A          0%          2    None
 Ensorcelled Hibernation  Hex/Ice        ######       0%          2    None
 Searing Ray              Conj           ######       0%          2    None
 Shroud of Golubria       Chrm/Tloc      ######       0%          2    None
 Slow                     Hex            ########     0%          2    None
 Swiftness                Chrm/Air       ########     0%          2    None
 Call Canine Familiar     Summ           ########     0%          3    None
 Conjure Flame            Conj/Fire      ########     0%          3    None
 Dazzling Flash           Conj/Hex       ######       0%          3    None
 Frozen Ramparts          Ice            ######       0%          3    None
 Gell's Gravitas          Tloc           ########..   0%          3    None
 Ignite Poison            Fire/Tmut/Pois ########     0%          3    None
 Inner Flame              Hex/Fire       ########     0%          3    None
 Mephitic Cloud           Conj/Pois/Air  ########     0%          3    None
 Ozocubu's Armour         Chrm/Ice       ########     0%          3    None
 Recall                   Summ/Tloc      N/A          0%          3    None
 Static Discharge         Conj/Air       ########     0%          3    None
 Stone Arrow              Conj/Erth      ######       0%          3    None
 Summon Guardian Golem    Hex/Summ       ########     0%          3    None
 Teleport Other           Tloc           ########     0%          3    None
 Tukima's Dance           Hex            ########     0%          3    None
 Vampiric Draining        Necr           ########..   0%          3    None
 Animate Dead             Necr           N/A          0%          4    None
 Dispel Undead            Necr           ########     0%          4    None
 Fulminant Prism          Conj/Hex       ########..   0%          4    None
 Hailstorm                Conj/Ice       ########     0%          4    None
 Iskenderun's Mystic Bla  Conj/Tloc      ########     0%          4    None
 Sticky Flame             Conj/Fire      ########     0%          4    None
 Summon Ice Beast         Ice/Summ       ########     0%          4    None
 Summon Lightning Spire   Summ/Air       ########     0%          4    None
 Agony                    Necr           ########     1%          5    None
 Alistair's Intoxication  Tmut/Pois      ########     1%          5    None
 Bolt of Magma            Conj/Fire/Erth ########..   1%          5    None
 Excruciating Wounds      Chrm/Necr      ########..   1%          5    None
 Fireball                 Conj/Fire      ########..   1%          5    None
 Iskenderun's Battlesphe  Conj/Chrm      ########     1%          5    None
 Lee's Rapid Deconstruct  Erth           ########..   1%          5    None
 Lightning Bolt           Conj/Air       ########..   1%          5    None
 Silence                  Hex/Air        ########..   1%          5    None
 Summon Mana Viper        Hex/Summ       ########     1%          5    None
 Conjure Ball Lightning   Conj/Air       ########..   1%          6    None
 Darkness                 Hex            ########..   1%          6    None
 Death Channel            Necr           ########..   1%          6    None
 Dispersal                Tloc           ########..   1%          6    None
 Eringya's Noxious Bog    Tmut/Pois      ########..   1%          6    None
 Hydra Form               Tmut           ########..   1%          6    None
 Iron Shot                Conj/Erth      ########..   1%          6    None
 Shadow Creatures         Summ           N/A          1%          6    None
 Simulacrum               Ice/Necr       ########..   1%          6    None
 Dragon Form              Tmut           ########..   1%          7    None
 Orb of Destruction       Conj           ########..   1%          7    None
 Spellforged Servitor     Conj/Summ      ########..   1%          7    None
 Summon Hydra             Summ           ########..   1%          7    None
 Disjunction              Tloc           ########..   4%          8    ##.....
 Ignition                 Fire           ########..   4%          8    ##.....
 Necromutation            Tmut/Necr      ########..   4%          8    ##.....
 Shatter                  Erth           ########..   50%         9    ####...
 Tornado                  Air            ########..   50%         9    ####...


Dungeon Overview and Level Annotations

Branches:
Dungeon (15/15)            Temple (1/1) D:6            Lair (6/6) D:8
 Shoals (4/4) Lair:3       Spider (4/4) Lair:4        Slime (5/5) Lair:6
    Orc (2/2) D:10            Elf (0/3) Orc:2        Vaults (5/5) D:14
  Crypt (3/3) Vaults:2       Tomb (3/3) Crypt:3      Depths (3/5) D:15
   Hell (visited)           Sewer (visited)           IceCv (visited)
Volcano (visited)
    Dis: Hell:1         Geh: Hell:1         Coc: Hell:1         Tar: Hell:1

Altars:
Ashenzari
Cheibriados
Dithmenos
Elyvilon
Fedhas
Gozag
Hepliaklqana
Kikubaaqudgha
Makhleb
Nemelex Xobeh
Okawaru
Qazlal
Ru
Sif Muna
Trog
Uskayaw
Vehumet
Wu Jian
Yredelemnul
Zin
The Shining One
Beogh
Jiyva

Shops:
D:5 :*?=   D:12 ?   Orc:2 [[**   Shoals:4 *

Portals:
Hell: Depths:1 Depths:3
Abyss: Depths:2
Pandemonium: Depths:3

Annotations:
Tomb:3 Khufu
Depths:3 exclusion: 2 upstairs
Hell Geryon
Pan Cerebov


Innate Abilities, Weirdness & Mutations

Your experience applies equally to all skills.
You have very sharp teeth.
Your uncanny sense of smell can sniff out nearby items.
You can translocate small distances at will.
You are resistant to electric shocks. (rElec)


Message History

You hear a shout!
You can feel time thicken for a moment.
You feel somewhat more hungry. Cerebov gestures at you.
The iron shot misses you.
The Brimstone Fiend calls on the powers of darkness!
Your body is wracked with pain!
* * * LOW HITPOINT WARNING * * *
Cerebov hits you with the +6 sword of Cerebov {flame}!
* * * LOW HITPOINT WARNING * * *
Cerebov burns you.
* * * LOW HITPOINT WARNING * * *
You can feel time thicken for a moment.
You kill the Brimstone Fiend!
Cheibriados appreciates the change of pace.
You feel somewhat more hungry.
Cheibriados lowers the support of your attributes as your movement quickens.
Cerebov hits you with the +6 sword of Cerebov {flame}!!!
* * * LOW HITPOINT WARNING * * *
Cerebov burns you!
You die...

,,,*,...,*∆∆∆#^.........#..,,,,,,
,,,**##***∆∆∆#...........#*******
,,,*,,,,∆*∆∆∆###.^.........,*
*+**,***,**+**.##(......###,***
*,,,,***,,,,,,..##......# *,,,*
*,****,*******#..#......# ***,**
*,****,*******#.#####..§# *,,*
*,**,,,,,,,,,*#.#[|"#...# **,*
,,**,,,,,,,,,*#)8|$)#..^# *,**
,***,,,,,,,,,*#&#)}=#...# *,,,
,***,,,,,,,***#.#####...# ***,
,**,,**,,,.####...#.....# *,
,**,**,,,...'...........# *,
,*,,*,,,,...'...).^.....# *,
,**,**,,,...'..........## *,
,**,,**,,..####...#....# **
,***,,,,,.,***#.#####..# *


You could see Cerebov (fast).

Vanquished Creatures
  the Royal Jelly (Slime:5)
  A seraph (Pan)
  A juggernaut (Abyss:4)
  2 greater mummies (Tomb:1)
  Boris (Tomb:1)
  The ghost of howech the Severer, a veteran MiGl of the Shining One (Vaults:2)
  Saint Roka (Crypt:2)
  2 golden dragons
  A bone dragon (Abyss:4)
  A Brimstone Fiend (Pan)
  A lich (Vaults:4)
  6 tentacled monstrosities
  A quicksilver dragon (Vaults:5)
  3 titans
  10 acid blobs
  2 tentacled starspawn (Abyss:4)
  6 sphinxes
  An Executioner (Pan)
  A sphinx (shapeshifter) (Vaults:5)
  3 ancient champions
  5 tengu reavers
  2 storm dragons (Vaults:5)
  3 shadow dragons (Vaults:5)
  15 azure jellies
  Donald (Spider:1)
  3 daevas
  8 frost giants
  7 revenants
  5 fire giants
  A nagaraja (Vaults:3)
  An iron dragon (Vaults:5)
  Louise (Depths:2)
  A fire giant (shapeshifter) (Vaults:5)
  A draconian knight (Zig:5)
  6 ghost moths (Spider:4)
  7 ghouls
  3 cacodemons
  16 vault wardens
  10 balrugs
  2 orc warlords
  A deep elf elementalist (Vaults:5)
  3 curse skulls (Crypt:3)
  A draconian annihilator (Zig:5)
  15 ironheart preservers
  Aizul (Spider:1)
  An emperor scorpion (Spider:4)
  10 angels
  10 ophanim
  4 war gargoyles (Vaults:5)
  A juggernaut skeleton (Crypt:3)
  A reaper (Crypt:2)
  12 very ugly things
  18 stone giants
  2 deep elf annihilators
  5 entropy weavers
  A lorocyproca (Abyss:4)
  7 vampire knights
  2 deep elf demonologists
  The ghost of Jabberih the Black Belt, a journeyman OpTm of Makhleb (Orc:2)
  2 yellow draconians (Zig:5)
  2 dire elephants (Lair:6)
  4 spark wasps (Spider:4)
  A purple draconian (Zig:5)
  10 eidola
  4 merfolk javelineers (Shoals:4)
  2 deep elf death magi
  9 ettins
  Snorg (Lair:4)
  A blizzard demon (Abyss:4)
  9 merfolk impalers
  16 death oozes
  A spectral quicksilver dragon (Crypt:3)
  Josephine (Orc:1)
  A crystal guardian (Vaults:4)
  3 jiangshi (Depths:1)
  11 mummy priests
  A deep elf high priest (Vaults:3)
  A great orb of eyes (shapeshifter) (Vaults:5)
  5 fire dragons
  12 yaktaur captains
  A spectral shadow dragon (Crypt:3)
  5 great orbs of eyes
  A quicksilver dragon skeleton (Crypt:1)
  34 vault guards
  8 hydras
  8 ice dragons
  2 hydras (shapeshifter)
  7 centaur warriors
  2 spriggan air magi (Depths:2)
  2 naga warriors (Abyss:4)
  3 merfolk aquamancers (Shoals:1)
  2 rakshasas
  4 merfolk avatars
  4 death knights
  4 tengu warriors
  A spectral frost giant (Crypt:3)
  2 two-headed ogres (shapeshifter)
  29 two-headed ogres
  2 catoblepae
  3 dancing weapons (Abyss:4)
  3 deep troll shamans
  A satyr (Shoals:3)
  14 ogre magi
  27 death scarabs (Tomb:1)
  3 vampire magi
  7 hell hogs
  5 deep troll earth magi
  An alligator snapping turtle (Shoals:4)
  A spectral dire elephant (Crypt:3)
  Urug (D:13)
  3 thrashing horrors (Abyss:4)
  2 deep elf knights (Vaults:3)
  4 orc high priests
  12 hell knights (Depths:1)
  A soul eater (Crypt:3)
  31 skeletal warriors
  A fire crab (shapeshifter) (Vaults:5)
  6 sun demons
  5 shadow wraiths
  5 wretched stars (Abyss:4)
  A spatial maelstrom (Abyss:4)
  10 cherubim
  A glowing orange brain (shapeshifter) (Vaults:5)
  3 spectral anacondas (Crypt:3)
  An unseen horror (D:10)
  An orange crystal statue (Zig:2)
  A spectral hydra (Crypt:3)
  5 flayed ghosts
  9 sea snakes
  8 glowing orange brains
  17 orc knights
  11 deep trolls
  Pikel (D:7)
  A tengu zombie (Zig:4)
  15 phantasmal warriors
  3 ironbrand convokers
  2 obsidian statues (Zig:2)
  A wizard (Vaults:3)
  A wolf spider zombie (D:14)
  A necromancer (Crypt:1)
  4 deep elf archers
  An iron dragon zombie (Abyss:4)
  4 shining eyes
  An orb spider (shapeshifter) (Vaults:5)
  12 wolf spiders
  A faun (Shoals:1)
  A shadow dragon skeleton (Crypt:1)
  A frost giant zombie (Crypt:1)
  13 orb spiders
  10 deep elf magi
  An oklob plant (D:6)
  A fire giant zombie (Crypt:2)
  23 ugly things
  A salamander (shapeshifter) (D:11)
  A harpy (Lair:6)
  A spectral ettin (Crypt:3)
  A faun (shapeshifter) (Zig:6)
  A moth of wrath (Spider:2)
  4 orc sorcerers
  Maurice (D:9)
  3 centaur zombies
  7 cyclopes
  5 manticores
  2 fire giant skeletons (Vaults:2)
  A frost giant skeleton (Vaults:2)
  7 merfolk sirens
  An apocalypse crab (Abyss:4)
  10 vault sentinels
  7 black mambas
  2 eyes of devastation (Slime:4)
  An ice statue (Zig:2)
  10 elephants
  A guardian serpent (Abyss:4)
  A torpor snail (Zig:7)
  6 water nymphs
  4 orange demons
  Psyche (D:9)
  A smoke demon (Abyss:4)
  5 gargoyles
  3 centaur skeletons
  An eye of devastation (shapeshifter) (Vaults:5)
  7 spiny frogs
  A hellion (Abyss:4)
  A death yak zombie (Crypt:1)
  6 demonic crawlers
  27 yaktaurs
  18 freezing wraiths
  A sea snake zombie (Crypt:3)
  2 komodo dragons (shapeshifter)
  9 komodo dragons
  An ancient zyme (Abyss:4)
  An ice devil (Zig:4)
  11 guardian mummies
  4 efreet
  5 rime drakes
  A tormentor (Abyss:4)
  5 red devils
  A tengu conjurer (Depths:2)
  5 human skeletons (Vaults:2)
  A jumping spider (shapeshifter) (Depths:1)
  A purple draconian skeleton (Crypt:3)
  29 merfolk
  A wind drake (shapeshifter) (D:13)
  2 wolf spider simulacra
  A tyrant leech (shapeshifter) (Vaults:5)
  4 polar bears
  33 jumping spiders
  A meliai (shapeshifter) (Vaults:2)
  11 trolls
  9 raiju (Abyss:4)
  2 wind drakes (Shoals:4)
  12 hornets
  13 blink frogs
  7 hippogriffs
  3 dream sheep
  2 bog bodies
  70 slime creatures
  An ettin zombie (Crypt:1)
  8 snapping turtles
  2 dream sheep (shapeshifter)
  6 flying skulls (Tomb:1)
  A redback (shapeshifter) (Vaults:5)
  45 redbacks
  20 tarantellas
  25 yaks
  2 shadows (Crypt:3)
  6 wyverns
  2 yaks (shapeshifter) (Vaults:2)
  25 starcursed masses (Abyss:4)
  A spectral elf (Crypt:3)
  2 water elementals (Shoals:3)
  A fire dragon skeleton (Tomb:1)
  3 ettin skeletons
  4 ynoxinuls
  4 basilisks
  7 vampire mosquitoes (D:15)
  6 ushabtiu (Tomb:2)
  A steam dragon (D:8)
  A fire elemental (Volcano)
  4 golden eyes (Slime:3)
  3 chaos spawn (Abyss:4)
  8 wraiths
  A basilisk (shapeshifter) (Depths:1)
  A neqoxec (Abyss:4)
  A steam dragon (shapeshifter) (Vaults:2)
  A hungry ghost (D:12)
  17 large abominations
  Menkaure (D:4)
  3 wargs
  A swamp worm (shapeshifter) (Vaults:2)
  An acid dragon (Vaults:2)
  5 small abominations (Abyss:4)
  10 water moccasins
  A hell hound (Abyss:4)
  Duvessa (D:4)
  A porcupine (Lair:5)
  A deep troll skeleton (Vaults:2)
  A floating eye (Depths:2)
  A floating eye (shapeshifter) (Vaults:2)
  4 ice beasts
  36 orc warriors
  A black bear (D:10)
  4 sky beasts
  An eye of draining (Vaults:3)
  An ice beast (shapeshifter) (Vaults:2)
  A slave (D:7)
  A boggart (shapeshifter) (Vaults:2)
  13 centaurs
  18 ogres
  13 crocodiles
  5 boggarts
  An elf skeleton (Vaults:2)
  A big kobold (D:14)
  7 bullfrogs
  A hippogriff zombie (Crypt:1)
  An earth elemental (Volcano)
  A bullfrog (shapeshifter) (Vaults:2)
  A wyvern zombie (D:13)
  A water moccasin zombie (D:5)
  A wyvern skeleton (Crypt:2)
  3 scorpions
  A spriggan zombie (Crypt:1)
  A queen bee zombie (Crypt:2)
  A water moccasin skeleton (D:9)
  A killer bee (shapeshifter) (Vaults:5)
  8 killer bees
  8 wights
  3 electric eels
  4 howler monkeys
  10 crimson imps
  4 bullfrog zombies
  A quasit (Abyss:4)
  6 hounds
  24 jellies
  17 orc priests
  A bullfrog skeleton (D:8)
  24 orc wizards
  4 iguanas
  Terence (D:2)
  5 worker ants
  A killer bee zombie (Crypt:2)
  An ogre skeleton (Crypt:3)
  A deep dwarf skeleton (Crypt:3)
  A hound zombie (D:10)
  8 mummies
  A worker ant zombie (D:11)
  3 gnolls (D:7)
  14 adders
  A river rat (shapeshifter) (Vaults:5)
  2 shadow imps
  2 white imps (IceCv)
  An ooze (D:4)
  A dart slug (D:2)
  4 leopard geckos
  71 orcs
  5 ball pythons (Sewer)
  3 bats
  2 giant cockroaches
  7 goblins
  3 hobgoblins
  14 jackals
  A jackal (shapeshifter) (Vaults:5)
  4 quokkas
  6 frilled lizards
  A jackal skeleton (D:5)
  12 kobolds
  A leopard gecko zombie (D:4)
  3 rats
  A starspawn tentacle (Abyss:4)
1808 creatures vanquished.

Vanquished Creatures (collateral kills)
  A quicksilver dragon (Vaults:5)
  6 acid blobs
  2 sphinxes (Tomb:1)
  2 tentacled starspawn (Abyss:4)
  3 vault wardens
  2 ghouls (Crypt:2)
  2 ironheart preservers
  A very ugly thing (Vaults:5)
  A spectral titan (Crypt:3)
  A spark wasp (Depths:2)
  An ettin (Vaults:2)
  A death ooze (Slime:5)
  A deep elf death mage (Vaults:5)
  A merfolk javelineer (Shoals:2)
  A spectral quicksilver dragon (Crypt:3)
  3 ogre magi
  A hydra (Zig:7)
  A merfolk aquamancer (Shoals:1)
  A satyr (Shoals:2)
  2 two-headed ogres
  2 hell hogs (Abyss:4)
  A spriggan berserker (Depths:3)
  4 skeletal warriors
  A spatial maelstrom (Abyss:4)
  A cherub (Abyss:4)
  An unseen horror (D:15)
  A glowing orange brain (Depths:3)
  A wizard (Depths:3)
  2 deep trolls (Vaults:4)
  An ironbrand convoker (Vaults:2)
  2 orc knights (Vaults:4)
  A deep elf archer (Vaults:4)
  A wolf spider (Spider:1)
  A phantasmal warrior (Crypt:1)
  8 ugly things
  An iron dragon zombie (Zig:4)
  2 orc sorcerers (Orc:2)
  A spectral ettin (Crypt:3)
  3 shining eyes
  6 centaur zombies
  A water nymph (Shoals:1)
  A gargoyle (D:15)
  A black mamba (Lair:1)
  A smoke demon (Abyss:4)
  A spiny frog (Lair:6)
  An elephant slug zombie (Crypt:1)
  3 yaktaurs
  2 rime drakes
  Maggie (D:6)
  2 freezing wraiths
  A komodo dragon (Zig:7)
  A demonic crawler (Spider:2)
  An ice devil (Zig:4)
  A polar bear (Lair:6)
  3 trolls
  3 merfolk
  2 jumping spiders (Spider:2)
  A blink frog (Lair:4)
  2 wind drakes (Shoals:3)
  5 dream sheep (Lair:6)
  2 raiju (Abyss:4)
  7 slime creatures
  A bog body (Crypt:2)
  4 redbacks
  6 wraiths
  2 water elementals (Shoals:1)
  A tarantella (Spider:1)
  2 ushabtiu (Tomb:1)
  5 yaks
  A large abomination (Pan)
  2 golden eyes (Slime:3)
  A hungry ghost (D:10)
  3 vampire mosquitoes (D:15)
  2 spatial vortices (Abyss:4)
  A warg (Orc:2)
  An acid dragon (shapeshifter) (Depths:3)
  A water moccasin (Lair:6)
  2 hell hounds (Abyss:4)
  A porcupine (Lair:1)
  13 orc warriors
  A small abomination (Abyss:4)
  An eye of draining (Slime:3)
  A necrophage (Crypt:3)
  8 ogres
  A starcursed mass (Abyss:4)
  5 centaurs
  A big kobold (D:9)
  3 bullfrogs
  A hippogriff skeleton (Crypt:2)
  Dowan (D:4)
  9 orc priests
  A bullfrog zombie (D:7)
  2 jellies (D:6)
  An orc wizard (Orc:1)
  5 worker ants
  A killer bee zombie (D:6)
  A mummy (Tomb:1)
  A howler monkey skeleton (D:4)
  An adder (D:6)
  A white imp (IceCv)
  5 ufetubi (IceCv)
  21 orcs
  A giant cockroach (D:6)
  6 kobolds (D:9)
  A kobold skeleton (Crypt:3)
  An orc zombie (Crypt:1)
  2 plants (Shoals:1)
  3 starspawn tentacles (Abyss:4)
253 creatures vanquished.

Vanquished Creatures (others)
  A centaur warrior (Depths:3)
  A deep troll earth mage (Depths:1)
  A necromancer (Depths:2)
  An ugly thing (Depths:1)
  A wraith (Crypt:3)
  A warg (Vaults:5)
  A small abomination (Abyss:4)
  3 white imps (IceCv)
  3 ufetubi (IceCv)
  A kobold (D:14)
  4 fungi
  A lurking horror (Abyss:4)
  15 plants
  21 snaplasher vines
  7 starspawn tentacles (Abyss:4)
  4 withered plants (D:13)
66 creatures vanquished.

Grand Total: 2127 creatures vanquished

Notes
Turn   | Place    | Note
-------+----------+-------------------------------------------
     0 | D:1      | iamserjio the Gnoll Ice Elementalist began the quest for
                  | the Orb.
     0 | D:1      | Reached XP level 1. HP: 13/13 MP: 6/6
    93 | D:1      | Reached XP level 2. HP: 5/19 MP: 2/7
   207 | D:2      | Noticed Terence
   214 | D:2      | Killed Terence
   214 | D:2      | Reached skill level 5 in Spellcasting
   214 | D:2      | Reached XP level 3. HP: 9/25 MP: 4/9
   219 | D:2      | Learned a level 3 spell: Frozen Ramparts
   225 | D:2      | Reached skill level 1 in Invocations
   230 | D:2      | Found a radiant altar of Vehumet.
   296 | D:2      | Reached skill level 1 in Fighting
   296 | D:2      | Reached skill level 1 in Short Blades
   296 | D:2      | Reached skill level 1 in Long Blades
   296 | D:2      | Reached skill level 1 in Axes
   296 | D:2      | Reached skill level 1 in Maces & Flails
   296 | D:2      | Reached skill level 1 in Polearms
   296 | D:2      | Reached skill level 1 in Staves
   296 | D:2      | Reached skill level 1 in Slings
   296 | D:2      | Reached skill level 1 in Bows
   296 | D:2      | Reached skill level 1 in Crossbows
   296 | D:2      | Reached skill level 1 in Throwing
   296 | D:2      | Reached skill level 1 in Armour
   296 | D:2      | Reached skill level 1 in Shields
   296 | D:2      | Reached skill level 1 in Unarmed Combat
   296 | D:2      | Reached skill level 1 in Evocations
   326 | D:2      | Reached XP level 4. HP: 24/32 MP: 3/11
   380 | D:2      | Found a faded altar of an unknown god.
   417 | D:3      | Learned a level 4 spell: Summon Ice Beast
   514 | D:3      | Found a glowing drain.
   523 | Sewer    | Entered a sewer
   554 | Sewer    | Reached skill level 1 in Conjurations
   554 | Sewer    | Reached skill level 1 in Hexes
   554 | Sewer    | Reached skill level 1 in Charms
   554 | Sewer    | Reached skill level 1 in Summonings
   554 | Sewer    | Reached skill level 1 in Necromancy
   554 | Sewer    | Reached skill level 1 in Translocations
   554 | Sewer    | Reached skill level 1 in Transmutations
   554 | Sewer    | Reached skill level 1 in Fire Magic
   554 | Sewer    | Reached skill level 1 in Air Magic
   554 | Sewer    | Reached skill level 1 in Earth Magic
   554 | Sewer    | Reached skill level 1 in Poison Magic
   602 | Sewer    | Reached XP level 5. HP: 37/37 MP: 7/12
  1066 | D:5      | Entered Level 5 of the Dungeon
  1078 | D:5      | You fall into a shaft and drop 3 floors!
  1083 | D:8      | Noticed a two-headed ogre
  1109 | D:9      | Noticed Maurice
  1119 | D:9      | Killed Maurice
  1119 | D:9      | Reached skill level 5 in Dodging
  1119 | D:9      | Reached XP level 6. HP: 36/44 MP: 4/14
  1119 | D:9      | Reached XP level 7. HP: 41/50 MP: 4/15
  1205 | D:9      | Noticed Psyche
  1211 | D:9      | Killed Psyche
  1211 | D:9      | Reached skill level 5 in Stealth
  1257 | D:9      | Reached XP level 8. HP: 15/57 MP: 10/16
  1374 | D:7      | You fall into a shaft and drop 3 floors!
  1374 | D:10     | Entered Level 10 of the Dungeon
  1374 | D:10     | Noticed a brown ugly thing
  1397 | D:10     | Killed a cyan ugly thing
  1431 | D:10     | Reached XP level 9. HP: 39/65 MP: 2/18
  1489 | D:10     | Found a staircase to the Orcish Mines.
  1617 | D:8      | Learned a level 4 spell: Sticky Flame
  1805 | D:6      | Found a staircase to the Ecumenical Temple.
  1818 | Temple   | Entered the Ecumenical Temple
  1860 | Temple   | Became a worshipper of Cheibriados the Contemplative
  2041 | D:5      | Found Roawki's Jewellery Shoppe.
  2049 | D:5      | Found Qismur's Magic Scroll Boutique.
  2066 | D:5      | Bought a scroll of magic mapping for 42 gold pieces
  2066 | D:5      | Bought a scroll of magic mapping for 42 gold pieces
  2066 | D:5      | Bought a scroll of teleportation for 36 gold pieces
  2066 | D:5      | Bought a scroll of blinking for 90 gold pieces
  2066 | D:5      | Bought a scroll of identify for 24 gold pieces
  2066 | D:5      | Bought a scroll of silence for 90 gold pieces
  2066 | D:5      | Bought a scroll of identify for 24 gold pieces
  2109 | D:5      | Found Reirphiha's General Store.
  2110 | D:5      | Found Juzu's Book Shop.
  2116 | D:5      | Bought a scroll of random uselessness for 12 gold pieces
  2149 | D:4      | Reached * piety under Cheibriados
  2152 | D:4      | Found a transporter.
  2161 | D:4      | Noticed Menkaure
  2161 | D:4      | Found an ancient bone altar of Kikubaaqudgha.
  2161 | D:4      | Found a basalt altar of Yredelemnul.
  2166 | D:4      | Killed Menkaure
  2168 | D:4      | Found a transporter.
  2185 | D:4      | Got a brightly glowing hand crossbow
  2264 | D:4      | Noticed Dowan
  2265 | D:4      | Noticed Duvessa
  2268 | D:4      | Killed Dowan
  2272 | D:4      | Killed Duvessa
  2346 | D:6      | Noticed Maggie
  2362 | D:6      | Killed Maggie
  2411 | D:6      | Reached skill level 5 in Invocations
  2438 | D:6      | Reached skill level 5 in Slings
  2521 | D:6      | Reached XP level 10. HP: 73/73 MP: 9/20
  2534 | D:6      | Reached ** piety under Cheibriados
  2645 | D:6      | Identified the +4 hand crossbow of Subterfuge {penet, Str-3
                  | Int+8 Dex+9} (You found it on level 4 of the Dungeon)
  2793 | D:6      | Found a sacrificial altar of Ru.
  2794 | D:6      | Noticed an oklob plant
  2799 | D:6      | Killed an oklob plant
  2911 | D:7      | Noticed Pikel
  2916 | D:7      | Killed Pikel
  2916 | D:7      | Reached skill level 5 in Fighting
  2916 | D:7      | Reached skill level 5 in Short Blades
  2916 | D:7      | Reached skill level 5 in Long Blades
  2916 | D:7      | Reached skill level 5 in Axes
  2916 | D:7      | Reached skill level 5 in Maces & Flails
  2916 | D:7      | Reached skill level 5 in Polearms
  2916 | D:7      | Reached skill level 5 in Staves
  2916 | D:7      | Reached skill level 5 in Bows
  2916 | D:7      | Reached skill level 5 in Crossbows
  2916 | D:7      | Reached skill level 5 in Throwing
  2916 | D:7      | Reached skill level 5 in Armour
  2916 | D:7      | Reached skill level 5 in Shields
  2916 | D:7      | Reached skill level 5 in Unarmed Combat
  2916 | D:7      | Reached skill level 5 in Evocations
  3117 | D:7      | You fall into a shaft and drop 3 floors!
  3311 | D:10     | Killed an unseen horror
  3383 | D:11     | Reached XP level 11. HP: 68/81 MP: 7/22
  3385 | D:11     | Reached *** piety under Cheibriados
  3418 | D:11     | Noticed a salamander
  3425 | D:11     | Paralysed by a hornet for 3 turns
  3426 | D:11     | Killed a salamander
  3442 | D:11     | Reached skill level 5 in Conjurations
  3442 | D:11     | Reached skill level 5 in Hexes
  3442 | D:11     | Reached skill level 5 in Charms
  3442 | D:11     | Reached skill level 5 in Summonings
  3442 | D:11     | Reached skill level 5 in Necromancy
  3442 | D:11     | Reached skill level 5 in Translocations
  3442 | D:11     | Reached skill level 5 in Transmutations
  3442 | D:11     | Reached skill level 5 in Fire Magic
  3442 | D:11     | Reached skill level 5 in Air Magic
  3442 | D:11     | Reached skill level 5 in Earth Magic
  3442 | D:11     | Reached skill level 5 in Poison Magic
  3469 | D:11     | Noticed a manticore
  3474 | D:11     | Killed a manticore
  3534 | D:11     | Learned a level 6 spell: Statue Form
  3543 | D:11     | Learned a level 5 spell: Irradiate
  3777 | Orc:1    | Entered Level 1 of the Orcish Mines
  3787 | Orc:1    | Found a roughly hewn altar of Beogh.
  3787 | Orc:1    | Noticed an orc knight
  3808 | Orc:1    | Killed an orc knight
  3816 | Orc:1    | Noticed Josephine
  3818 | Orc:1    | Killed Josephine
  3818 | Orc:1    | Reached **** piety under Cheibriados
  3961 | Orc:1    | Found a frozen archway.
  3994 | IceCv    | Entered an ice cave
  4159 | Orc:2    | Entered Level 2 of the Orcish Mines
  4189 | Orc:2    | Noticed an orc sorcerer
  4203 | Orc:2    | Killed an orc sorcerer
  4232 | Orc:2    | Found a transporter.
  4239 | Orc:2    | Noticed Jabberih's ghost (journeyman OpTm)
  4239 | Orc:2    | Noticed a two-headed ogre
  4239 | Orc:2    | Noticed a two-headed ogre
  4240 | Orc:2    | Found a transporter.
  4242 | Orc:2    | Noticed a two-headed ogre
  4242 | Orc:2    | Noticed an ettin
  4288 | Orc:2    | Found a staircase to the Elven Halls.
  4290 | Orc:2    | Noticed an orc warlord
  4310 | Orc:2    | Killed an orc warlord
  4310 | Orc:2    | Reached ***** piety under Cheibriados
  4310 | Orc:2    | Reached XP level 12. HP: 43/89 MP: 5/24
  4498 | Orc:2    | Noticed an orc high priest
  4504 | Orc:2    | Noticed an orc high priest
  4506 | Orc:2    | Killed an orc high priest
  4518 | Orc:2    | Killed an orc high priest
  4575 | Orc:2    | Noticed an orc high priest
  4583 | Orc:2    | Killed an orc high priest
  4591 | Orc:2    | Noticed a sun demon
  4591 | Orc:2    | Noticed a sun demon
  4601 | Orc:2    | Found Huguas's General Store.
  4601 | Orc:2    | Found Tumeich's Assorted Antiques.
  4602 | Orc:2    | Found Cuefeiho's Antique Armour Emporium.
  4602 | Orc:2    | Found Exenol's Armour Emporium.
  4658 | Orc:2    | Killed a two-headed ogre
  4658 | Orc:2    | Killed an ettin
  4669 | Orc:2    | Killed a two-headed ogre
  4669 | Orc:2    | Reached skill level 10 in Slings
  4669 | Orc:2    | Reached XP level 13. HP: 70/98 MP: 18/26
  4670 | Orc:2    | Killed Jabberih's ghost
  5085 | D:5      | Bought a book of Spatial Translocations for 780 gold pieces
  5090 | D:5      | Learned a level 4 spell: Passage of Golubria
  5093 | D:5      | Learned a level 2 spell: Blink
  5102 | D:5      | Bought an uncursed amulet of regeneration for 450 gold
                  | pieces
  5337 | D:9      | Reached ****** piety under Cheibriados
  5414 | D:8      | Found a staircase to the Lair.
  5419 | Lair:1   | Entered Level 1 of the Lair of Beasts
  5563 | Lair:1   | Got a faintly glowing leather armour
  5574 | Lair:1   | Identified the +3 leather armour of Perpetual Drought {rN+}
                  | (You found it on level 1 of the Lair of Beasts)
  5661 | Lair:2   | Found a shimmering blue altar of Sif Muna.
  5832 | Lair:4   | Found a dark tunnel.
  5841 | Volcano  | Entered a volcano
  5890 | Volcano  | Reached skill level 10 in Ice Magic
  5904 | Volcano  | Noticed a stone giant
  5912 | Volcano  | Killed a stone giant
  6016 | Lair:4   | Noticed Snorg
  6022 | Lair:4   | Killed Snorg
  6048 | Lair:4   | Found a hole to the Spider Nest.
  6056 | Spider:1 | Entered Level 1 of the Spider Nest
  6056 | Spider:1 | Noticed Aizul
  6056 | Spider:1 | Noticed an entropy weaver
  6094 | Lair:4   | Reached skill level 10 in Spellcasting
  6105 | Lair:4   | Reached XP level 14. HP: 106/106 MP: 2/28
  6243 | Lair:5   | Reached skill level 10 in Dodging
  6288 | Lair:6   | Entered Level 6 of the Lair of Beasts
  6389 | Lair:6   | Reached skill level 10 in Stealth
  6392 | Lair:6   | Noticed a dire elephant
  6395 | Lair:6   | Noticed a dire elephant
  6403 | Lair:6   | Killed a dire elephant
  6403 | Lair:6   | Reached skill level 10 in Invocations
  6409 | Lair:6   | Killed a dire elephant
  6448 | Lair:6   | Got an encrusted scimitar
  6482 | Lair:6   | Identified the +6 scimitar "Zuclow" {vorpal, rElec Int+4
                  | Dex-5} (You found it on level 6 of the Lair of Beasts)
  6527 | Lair:6   | Got a shimmering short sword
  6528 | Lair:6   | Identified the Papyrus of Ignition
  6590 | Spider:1 | Noticed Donald
  6593 | Spider:1 | Killed an entropy weaver
  6594 | Spider:1 | Killed Donald
  6620 | Spider:1 | Killed Aizul
  6620 | Spider:1 | Reached XP level 15. HP: 114/114 MP: 4/29
  6904 | Spider:4 | Entered Level 4 of the Spider Nest
  6945 | Spider:4 | Noticed a ghost moth
  6951 | Spider:4 | Killed a ghost moth
  7056 | Spider:4 | Identified the +11 short sword of Watchfulness {flame, rC+
                  | Int+4} (You found it on level 6 of the Lair of Beasts)
  7114 | Spider:4 | Identified Seutergh's Papyrus of Supportive Poison
  7123 | Spider:4 | Learned a level 5 spell: Aura of Abjuration
  7127 | Spider:4 | Learned a level 3 spell: Lesser Beckoning
  7150 | Spider:4 | Noticed a ghost moth
  7154 | Spider:4 | Killed a ghost moth
  7157 | Spider:4 | Reached skill level 10 in Fighting
  7157 | Spider:4 | Reached skill level 10 in Short Blades
  7157 | Spider:4 | Reached skill level 10 in Long Blades
  7157 | Spider:4 | Reached skill level 10 in Axes
  7157 | Spider:4 | Reached skill level 10 in Maces & Flails
  7157 | Spider:4 | Reached skill level 10 in Polearms
  7157 | Spider:4 | Reached skill level 10 in Staves
  7157 | Spider:4 | Reached skill level 10 in Bows
  7157 | Spider:4 | Reached skill level 10 in Crossbows
  7157 | Spider:4 | Reached skill level 10 in Throwing
  7157 | Spider:4 | Reached skill level 10 in Armour
  7157 | Spider:4 | Reached skill level 10 in Shields
  7157 | Spider:4 | Reached skill level 10 in Unarmed Combat
  7157 | Spider:4 | Reached skill level 10 in Evocations
  7246 | Spider:4 | Noticed a ghost moth
  7258 | Spider:4 | Killed a ghost moth
  7331 | Spider:4 | Noticed a ghost moth
  7343 | Spider:4 | Killed a ghost moth
  7376 | Spider:4 | Noticed an emperor scorpion
  7377 | Spider:4 | Noticed a ghost moth
  7378 | Spider:4 | Noticed a ghost moth
  7381 | Spider:4 | Killed an emperor scorpion
  7383 | Spider:4 | Killed a ghost moth
  7384 | Spider:4 | Killed a ghost moth
  7385 | Spider:4 | Reached XP level 16. HP: 122/122 MP: 0/31
  7407 | Spider:4 | Got a gossamer rune of Zot
  7655 | Lair:3   | Found a staircase to the Shoals.
  7677 | Shoals:1 | Entered Level 1 of the Shoals
  7738 | Shoals:1 | Reached XP level 17. HP: 129/129 MP: 30/32
  7919 | Shoals:4 | Entered Level 4 of the Shoals
  8011 | Shoals:4 | Found the +3 warlock's mirror {reflect}
  8054 | Shoals:4 | Got a barnacled rune of Zot
  8413 | Shoals:4 | Found Maoffek's Mayhem Merchandise.
  8482 | Shoals:4 | Got a smoking pewter amulet
  8487 | Shoals:4 | Identified the amulet of Scepticism {Inacc Str+3} (You
                  | found it on level 4 of the Shoals)
  8691 | Shoals:3 | Reached XP level 18. HP: 63/138 MP: 23/34
  8990 | Lair:3   | Learned a level 7 spell: Dragon Form
  9210 | Lair:6   | Found a staircase to the Slime Pits.
  9413 | D:5      | Bought the ring of the Mage {Wiz MR++ Int+3} for 775 gold
                  | pieces
  9413 | D:5      | Found the ring of the Mage {Wiz MR++ Int+3}
  9858 | Slime:1  | Entered Level 1 of the Pits of Slime
  9974 | Slime:1  | Gained mutation: Potions are less effective at restoring
                  | your health. [a shining eye]
  9975 | Slime:1  | Gained mutation: Your spells are a little easier to cast,
                  | but a little less powerful. [a shining eye]
 10058 | Slime:3  | Reached skill level 10 in Conjurations
 10058 | Slime:3  | Reached skill level 10 in Hexes
 10058 | Slime:3  | Reached skill level 10 in Charms
 10058 | Slime:3  | Reached skill level 10 in Summonings
 10058 | Slime:3  | Reached skill level 10 in Necromancy
 10058 | Slime:3  | Reached skill level 10 in Translocations
 10058 | Slime:3  | Reached skill level 10 in Transmutations
 10058 | Slime:3  | Reached skill level 10 in Fire Magic
 10058 | Slime:3  | Reached skill level 10 in Air Magic
 10058 | Slime:3  | Reached skill level 10 in Earth Magic
 10058 | Slime:3  | Reached skill level 10 in Poison Magic
 10100 | Slime:3  | Learned a level 1 spell: Summon Butterflies
 10152 | Slime:3  | Gained mutation: You are frail. (-10% HP) [a shining eye]
 10292 | Slime:5  | Entered Level 5 of the Pits of Slime
 10449 | Slime:5  | Found a viscous altar of Jiyva.
 10449 | Slime:5  | Noticed the Royal Jelly
 10607 | Slime:5  | Reached XP level 19. HP: 131/131 MP: 12/35
 10682 | Slime:5  | Killed the Royal Jelly
 10748 | Slime:5  | Got an ichor-stained leather armour
 10754 | Slime:5  | Identified the cursed +1 leather armour of Spite {MR+ Dex-3
                  | Slay+3} (You found it on level 5 of the Pits of Slime)
 10789 | Slime:5  | Got a transparent falchion
 10790 | Slime:5  | Identified the +1 falchion "Kamux" {elec, +Fly rC- MR-
                  | SInv} (You found it on level 5 of the Pits of Slime)
 10813 | Slime:5  | Got a slimy rune of Zot
 10829 | Slime:5  | Got a dazzling plate armour
 10862 | Slime:5  | Identified the +4 plate armour of Nadarius {MR+ Str+3} (You
                  | found it on level 5 of the Pits of Slime)
 10923 | Slime:5  | Got a bloodstained battleaxe
 10931 | Slime:5  | Identified the +2 battleaxe "Ablina" {speed, MR+ Str+6}
                  | (You found it on level 5 of the Pits of Slime)
 11243 | D:5      | Bought 2 potions of heal wounds for 120 gold pieces
 11247 | D:5      | Bought a book of Cantrips for 240 gold pieces
 11249 | D:5      | Learned a level 1 spell: Apportation
 11335 | D:9      | Found a hazy altar of Hepliaklqana.
 11335 | D:9      | Found a hide-covered altar of Uskayaw.
 11335 | D:9      | Found a bloodstained altar of Trog.
 11458 | Orc:2    | Bought an embroidered scarf for 208 gold pieces
 11983 | D:12     | Found Usicko's Magic Scroll Shoppe.
 12226 | D:13     | Noticed Urug
 12231 | D:13     | Killed Urug
 12374 | D:14     | Found a gate to the Vaults.
 12392 | Vaults:1 | Entered Level 1 of the Vaults
 12540 | Vaults:2 | Found a staircase to the Crypt.
 12815 | Vaults:2 | Reached XP level 20. HP: 129/139 MP: 31/37
 12932 | Vaults:3 | Noticed a golden dragon
 12960 | Vaults:3 | Killed a golden dragon
 12979 | Vaults:3 | Identified the +7 hand axe "Dragon's Tongue" {holy, rPois
                  | rC- Dex+6}
 12997 | Vaults:3 | Found the amulet of the Four Winds {rN+ MR+++ Clar}
 13108 | Vaults:3 | Found the amulet of the Air {Inacc +Fly rElec EV+5 RMsl}
 13385 | Vaults:3 | Learned a level 5 spell: Summon Forest
 13527 | Vaults:4 | Got a pair of jewelled boots
 13538 | Vaults:4 | Identified the +0 pair of boots of Weightlessness {Harm
                  | +Blink Dex+4} (You found it on level 4 of the Vaults)
 13623 | Vaults:4 | Reached XP level 21. HP: 145/145 MP: 33/39
 13871 | Vaults:5 | Entered Level 5 of the Vaults
 14062 | Vaults:5 | Reached skill level 15 in Slings
 14103 | Vaults:5 | Identified the +2 trident "Impbane" {vorpal, rC+ rN+ Int+3
                  | Dex+4}
 14103 | Vaults:5 | Identified the ring of the Hero {+Fly rElec MR+ Str-5
                  | Int+7}
 14208 | Vaults:5 | Noticed a golden dragon
 14209 | Vaults:5 | a golden dragon changed into an iron giant
 14209 | Vaults:5 | Noticed a golden dragon
 14209 | Vaults:5 | an iron giant changed into a golden dragon
 14231 | Vaults:5 | Reached XP level 22. HP: 153/153 MP: 28/40
 14246 | Vaults:5 | Reached skill level 15 in Invocations
 14321 | Vaults:5 | Got a silver rune of Zot
 14364 | Vaults:5 | Got a slimy golden amulet
 14366 | Vaults:5 | Identified the amulet "Loemudin" {Inacc *Corrode Dex+8}
                  | (You found it on level 5 of the Vaults)
 14936 | Vaults:2 | Identified the Grimoire of Feathery Fascination
 14996 | Vaults:2 | Reached skill level 15 in Spellcasting
 15012 | Vaults:2 | Found a runed translucent gate.
 15012 | Vaults:2 | Found a runed translucent gate.
 15012 | Vaults:2 | Found a runed translucent gate.
 15068 | Vaults:2 | Found a runed translucent gate.
 15068 | Vaults:2 | Found a runed translucent gate.
 15072 | Vaults:2 | Found a runed translucent gate.
 15072 | Vaults:2 | Noticed howech's ghost (veteran MiGl)
 15094 | Vaults:2 | Learned a level 6 spell: Invisibility
 15110 | Vaults:2 | Reached skill level 15 in Dodging
 15110 | Vaults:2 | Gained mutation: You occasionally shout uncontrollably at
                  | your foes. [a cacodemon]
 15135 | Vaults:2 | Killed howech's ghost
 15143 | Vaults:2 | Identified the +0 pair of gloves "Bahet" {rF++ Int-2
                  | Stlth+} (You found it on level 2 of the Vaults)
 15145 | Vaults:2 | Lost mutation: You occasionally shout uncontrollably at
                  | your foes. [potion of mutation]
 15145 | Vaults:2 | Lost mutation: You are frail. (-10% HP) [potion of
                  | mutation]
 15145 | Vaults:2 | Lost mutation: Potions are less effective at restoring your
                  | health. [potion of mutation]
 15145 | Vaults:2 | Lost mutation: Your spells are a little easier to cast, but
                  | a little less powerful. [potion of mutation]
 15145 | Vaults:2 | Gained mutation: You expend magic power (3 MP) to
                  | strengthen your wands. [potion of mutation]
 15145 | Vaults:2 | Gained mutation: You are partially covered in thin metallic
                  | scales. (AC +2) [potion of mutation]
 15153 | Vaults:2 | Learned a level 5 spell: Borgnjor's Vile Clutch
 15207 | Crypt:1  | Entered Level 1 of the Crypt
 15266 | Crypt:1  | Reached XP level 23. HP: 179/179 MP: 19/42
 15330 | Crypt:2  | Reached skill level 15 in Stealth
 15348 | Crypt:2  | Found an ancient bone altar of Kikubaaqudgha.
 15379 | Crypt:2  | Noticed Saint Roka
 15395 | Crypt:2  | Killed Saint Roka
 15426 | Crypt:3  | Entered Level 3 of the Crypt
 15436 | Crypt:3  | Found a staircase to the Tomb.
 15783 | Crypt:3  | Found the +10 zealot's sword {holy, *Rage rN+ EV+3}
 15790 | Crypt:3  | Identified the Compendium of Evil Arts
 15796 | Crypt:3  | Identified the ring of Qurays {+Blink rF+ MR+ Str-3 Int+3}
                  | (You found it on level 3 of the Crypt)
 15989 | Tomb:1   | Entered Level 1 of the Tomb of the Ancients
 16063 | Tomb:1   | Learned a level 4 spell: Animate Dead
 16089 | Tomb:1   | Noticed a greater mummy
 16095 | Tomb:1   | Killed a greater mummy
 16154 | Tomb:1   | Reached skill level 15 in Fighting
 16154 | Tomb:1   | Reached skill level 15 in Short Blades
 16154 | Tomb:1   | Reached skill level 15 in Long Blades
 16154 | Tomb:1   | Reached skill level 15 in Axes
 16154 | Tomb:1   | Reached skill level 15 in Maces & Flails
 16154 | Tomb:1   | Reached skill level 15 in Polearms
 16154 | Tomb:1   | Reached skill level 15 in Staves
 16154 | Tomb:1   | Reached skill level 15 in Bows
 16154 | Tomb:1   | Reached skill level 15 in Crossbows
 16154 | Tomb:1   | Reached skill level 15 in Throwing
 16154 | Tomb:1   | Reached skill level 15 in Armour
 16154 | Tomb:1   | Reached skill level 15 in Shields
 16154 | Tomb:1   | Reached skill level 15 in Unarmed Combat
 16154 | Tomb:1   | Reached skill level 15 in Evocations
 16154 | Tomb:1   | Noticed a greater mummy
 16179 | Tomb:1   | Killed a greater mummy
 16196 | Tomb:1   | Reached XP level 24. HP: 143/188 MP: 25/42
 16327 | Tomb:2   | Noticed a greater mummy
 16327 | Tomb:2   | Noticed a greater mummy
 16359 | Tomb:2   | Gained mutation: You are frail. (-10% HP) [mutagenic glow]
 16387 | Tomb:2   | Gained mutation: You are weak. (Str -2) [mutagenic glow]
 16468 | Tomb:3   | Entered Level 3 of the Tomb of the Ancients
 16473 | Tomb:3   | Noticed a greater mummy
 16473 | Tomb:3   | Noticed Khufu
 16473 | Tomb:3   | Noticed a greater mummy
 16473 | Tomb:3   | Noticed a greater mummy
 16473 | Tomb:3   | Noticed a greater mummy
 16474 | Tomb:3   | Noticed a greater mummy
 16474 | Tomb:3   | Noticed a greater mummy
 16474 | Tomb:3   | Noticed a greater mummy
 16474 | Tomb:3   | Noticed a greater mummy
 16474 | Tomb:3   | Noticed a greater mummy
 16478 | Tomb:3   | Noticed a greater mummy
 16481 | Tomb:3   | Got a golden rune of Zot
 16564 | Tomb:1   | Noticed Boris
 16582 | Tomb:1   | Killed Boris
 17086 | Vaults:2 | Cast into level 4 of the Abyss (unwielding a weapon of
                  | distortion)
 17330 | Abyss:4  | Found a glowing golden altar of the Shining One.
 17358 | Abyss:4  | Noticed a juggernaut
 17368 | Abyss:4  | Killed a juggernaut
 17371 | Abyss:4  | Got an abyssal rune of Zot
 17373 | Abyss:4  | Found a glowing golden altar of the Shining One.
 17655 | Abyss:4  | Identified a scroll of acquirement
 17656 | Abyss:4  | Got the Incunabulum of Necromancy and the Traveller
 17661 | Vaults:2 | Escaped the Abyss
 17816 | D:14     | Learned a level 8 spell: Controlled Blink
 17865 | D:12     | Bought a scroll of fog for 32 gold pieces
 17865 | D:12     | Bought a scroll of enchant weapon for 120 gold pieces
 17865 | D:12     | Bought a scroll of identify for 32 gold pieces
 17865 | D:12     | Bought a scroll of magic mapping for 56 gold pieces
 17865 | D:12     | Bought a scroll of enchant armour for 120 gold pieces
 17865 | D:12     | Bought a scroll of holy word for 120 gold pieces
 17865 | D:12     | Bought a scroll of identify for 32 gold pieces
 17865 | D:12     | Bought 3 scrolls of blinking for 360 gold pieces
 17956 | D:14     | You fall into a shaft and drop 1 floor!
 17956 | D:15     | Entered Level 15 of the Dungeon
 17963 | D:15     | Reached XP level 25. HP: 175/175 MP: 42/43
 18003 | D:15     | Learned a level 2 spell: Passwall
 18289 | D:15     | Found a staircase to the Depths.
 18294 | Depths:1 | Entered Level 1 of the Depths
 18411 | Depths:1 | Reached skill level 15 in Ice Magic
 18447 | Depths:1 | Identified the Guide on Dusty Confrontation
 18501 | Depths:1 | Found a gateway to Hell.
 18516 | Depths:1 | Identified the +1 chain mail "Duip" {rN+} (You found it on
                  | level 1 of the Depths)
 18524 | Depths:1 | Learned a level 3 spell: Lesser Beckoning
 18526 | Hell     | Entered the Vestibule of Hell
 18526 | Hell     | Noticed Geryon
 18538 | Depths:1 | Lost mutation: You expend magic power (3 MP) to strengthen
                  | your wands. [potion of mutation]
 18538 | Depths:1 | Lost mutation: You are partially covered in thin metallic
                  | scales. (AC +2) [potion of mutation]
 18538 | Depths:1 | Lost mutation: You are weak. (Str -2) [potion of mutation]
 18538 | Depths:1 | Gained mutation: You are resistant to electric shocks.
                  | (rElec) [potion of mutation]
 18538 | Depths:1 | Lost mutation: You are frail. (-10% HP) [potion of
                  | mutation]
 18538 | Depths:1 | Gained mutation: You can translocate small distances at
                  | will. [potion of mutation]
 18684 | Depths:2 | Found a gateway to a ziggurat.
 18916 | Depths:2 | Noticed Louise
 18924 | Depths:2 | Killed Louise
 18933 | Depths:2 | Found a one-way gate to the infinite horrors of the Abyss.
 18947 | Zig:1    | Entered Level 1 of a ziggurat
 18962 | Zig:2    | Entered Level 2 of a ziggurat
 18985 | Zig:3    | Entered Level 3 of a ziggurat
 19000 | Zig:4    | Entered Level 4 of a ziggurat
 19018 | Zig:4    | Identified the ring of the Garden {rElec MR+} (You found it
                  | on level 4 of a ziggurat)
 19019 | Zig:4    | Identified the ring of Wu Jian's Generosity {rElec rCorr
                  | Str-2 Dex+3 SInv} (You found it on level 4 of a ziggurat)
 19025 | Zig:5    | Entered Level 5 of a ziggurat
 19060 | Zig:6    | Entered Level 6 of a ziggurat
 19096 | Zig:7    | Entered Level 7 of a ziggurat
 19120 | Zig:7    | Identified the Grimoire of Malediction and Combat Magic
 19171 | Depths:3 | Found a one-way gate leading to the halls of Pandemonium.
 19185 | Pan      | Entered Pandemonium
 19241 | Pan      | Reached XP level 26. HP: 175/205 MP: 30/43
 19317 | Pan      | Identified the +6 tower shield "Tozesmug" {rF+ rN+}
 19393 | Pan      | Noticed a seraph
 19396 | Pan      | Identified the +9 hunting sling of Havoc {flame, +Blink}
 19396 | Pan      | Identified the ring of Nowyeset {rF+ rC+ Int+4}
 19399 | Pan      | Killed a seraph
 19411 | Pan      | Found a glowing golden altar of the Shining One.
 19421 | Pan      | Got a demonic rune of Zot
 19477 | Depths:3 | Escaped Pandemonium
 19479 | Pan      | Entered Pandemonium
 19536 | Pan      | Entered the realm of Cerebov.
 19539 | Pan      | Identified the +2 pair of gloves "Iroph" {Harm} (You found
                  | it in Pandemonium)
 19614 | Pan      | Identified the +6 sword of Cerebov {flame}
 19614 | Pan      | Noticed Cerebov
 19624 | Pan      | HP: 4/267 [Cerebov/the +6 sword of Cerebov {flame} (40)]
 19624 | Pan      | Slain by Cerebov

Illustrated notes

Levels and vault maps discovered:
D:1:      scummos_arrival_gate, layout_loops_corners, minmay_pentomino_r2
D:2:      layout_loops_ring, lemuel_round_altar, first_ration,
          chequers_ecumenical_altar_island, st_stairs_8, uniq_terence
D:3:      layout_loops_ring, cheibrodos_sewer_entry_drain
D:4:      layout_loops_ring, gammafunk_temple_of_torment,
          nicolae_ossuary_entry_plus, uniq_duvessa
D:5:      layout_cave_pools, serial_shops, shop, shop_scrolls,
          nicolae_shop_crystal, shop_statue, shop_fountains, minmay_puff
D:6:      minmay_bubble_buster, layout_gridville, minmay_temple_entry_arrows,
          lemuel_oklob_altar, uniq_maggie
D:7:      layout_loops_corners, uniq_pikel
D:8:      layout_cave_pods, erik_lair_dragon
D:9:      layout_roguey, chequers_temple_overflow_statue_of_worship,
          uniq_psyche, uniq_maurice
D:10:     layout_small_grid, orc_0_dummy
D:11:     layout_loops_cross
D:12:     layout_roguey, serial_shops, shop
D:13:     layout_loops_corners, serial_undead, serial_undead_a, serial_undead_c,
          serial_undead_e, serial_undead_e, serial_undead_f, serial_undead_b,
          uniq_urug
D:14:     layout_basic, david_vaults_2, blue_anna_alchemist
          [blue_anna_fruit_fields, blue_anna_fruit_fields]
D:15:     hangedman_depths_entry_civil_slaughter, layout_rooms,
          nicolae_lava_and_water
Temple:   nicolae_temple_elliptical
Lair:1:   layout_loops_ring, wad_woods_river_01
Lair:2:   lemuel_ratsnest, layout_cave_pods, basic_altar
Lair:3:   layout_layer_cave, minmay_shoals_entry_centaurs
Lair:4:   layout_regular_city, spider_nest_entry_a, enter_volcano_2, uniq_snorg
Lair:5:   layout_long_grid, beast_lair_carwin_2, grunt_megastairs_2
Lair:6:   gammafunk_lair_ancient_temple, layout_regular_city,
          minmay_slime_entry_jelly_boxes
Shoals:1: layout_shoals, serial_shops, nicolae_shop_trees, ldierk_geyser,
          nicolae_shoals_aquamancer_cove
Shoals:2: layout_shoals
Shoals:3: layout_shoals, st_sunken_temple
Shoals:4: shoals_end_grunt_ice, layout_shoals, minmay_shop_mayhem
Spider:1: layout_spider_delve, guppyfry_spider_mini_2,
          hangedman_spider_tarantella_strand, uniq_donald, uniq_aizul
Spider:2: layout_chambers
Spider:3: layout_chambers
Spider:4: spider_rune_water
Slime:1:  layout_caves, special_room [special_room_jelly]
Slime:2:  layout_caves
Slime:3:  layout_caves
Slime:4:  layout_caves, nicolae_slime_welcoming_committee
Slime:5
Orc:1:    layout_diamond_mine, basic_altar, portal_ice_cave_rime, uniq_josephine
Orc:2:    st_orc_elflike, layout_caves, gammafunk_ghost_smash
Vaults:1: v_rooms_1, nicolae_vaults_ring_of_whatevers, hangedman_vaults_pinch,
          special_room_vaults [special_room_orc], v_pattern_5,
          hangedman_vaults_locks, vaults_standard_mumra_x,
          nicolae_vaults_rhombus_5, nicolae_vaults_ring_of_whatevers,
          ontoclasm_vaults_loading_screen, layout_vaults_omnigrid
Vaults:2: ploomutoo_gammafunk_vaults_ghost_potion_laboratory,
          hangedman_vaults_maws, minmay_crypt_entry_skeletal_spiral,
          nicolae_vaults_rhombus_6, nicolae_vaults_shelves_hall,
          nicolae_vaults_circle_grid_b, nicolae_vaults_what_the_h, v_misc_25,
          nicolae_vaults_circle_grid_a, nicolae_vaults_puzzle_piece,
          nicolae_vaults_little_squares_5, ontoclasm_vaults_spin,
          grunt_vaults_hallway_long, layout_vaults_maze_snakey, serial_shops,
          nicolae_shop_trees
Vaults:3: ontoclasm_vaults_shuriken, vaults_room_boxed, v_alt_pattern_3,
          st_greater_box_4, vaults_room_pools, vaults_mumra_hexcomb,
          grunt_vaults_hallway_short, v_misc_4, v_misc_23, grunt_vaults_swirl,
          nicolae_vaults_network_s, dpeg_vaults_monster_box, serial_ice_h,
          layout_vaults_omnicross, serial_shops, shop
Vaults:4: v_alt_pattern_6, v_misc_24, v_misc_25, special_room_vaults
          [special_room_orc], nicolae_vaults_three_branches, v_pattern_2,
          nicolae_vaults_circle_grid_a, vaults_room_pools,
          nicolae_vaults_border_crossing, layout_vaults_chaotic_city,
          uniq_sojobo
Vaults:5: serial_shops
Crypt:1:  layout_catacombs, grunt_megastairs_1, grunt_crypt_arrival_webbed
Crypt:2:  layout_regular_city, basic_altar, serial_sigils_hangedman_carve,
          uniq_saint_roka
Crypt:3:  due_elkab, layout_chaotic_city, serial_sigils_hangedman_etch,
          item_on_display_a
Tomb:1:   uniq_boris
Tomb:2
Tomb:3:   uniq_khufu
Depths:1: layout_roguey, minmay_misc_feat_roman, lightli_too_deep, abyss_entry,
          minmay_misc_feat_secret_circle, minmay_checkered_concentric_circles
Depths:2: minmay_the_grid_triangle_9x9_recursive_3_mashed
          [minmay_the_grid_triangle_9x9_sparse_checkered,
          minmay_the_grid_triangle_9x9_steps,
          minmay_the_grid_triangle_9x9_skeleton,
          minmay_the_grid_triangle_9x9_prize_schism,
          minmay_the_grid_triangle_9x9_warning,
          minmay_the_grid_triangle_9x9_impossible_snake,
          minmay_the_grid_triangle_9x9_shrine,
          minmay_the_grid_triangle_9x9_wacky_v,
          minmay_the_grid_triangle_9x9_fully_insulated_deathbox], layout_basic,
          enter_ziggurat_a, hangedman_decor_growths,
          nicolae_abyss_entry_one_way_or_another, pf_hell_entry_great_geh,
          serial_shops, shop, evilmike_minifort
Depths:3: hangedman_pleasuredromes, pan_entry, hell_entry
Hell
Pan:      evilmike_holy_pan, rand_demon_7, layout_irregular_city, cerebov,
          layout_rooms

Skill      XL: |  1  2  3  4  5  6  7  8  9 10 11 12 13 14 15 16 17 18 19 20 21 22 23 24 25 26 |
---------------+-------------------------------------------------------------------------------+-----
Spellcasting   | 5 6 7 8 9 10 11 12 13 14 15 16 17 | 17.0
Invocations    | 1 2 3 4 5 6 7 8 9 10 11 12 13 14 15 16 17 | 17.7
Fighting       | 1 2 3 4 5 6 7 8 9 10 11 12 13 14 15 16 | 16.4
Short Blades   | 1 2 3 4 5 6 7 8 9 10 11 12 13 14 15 16 | 16.4
Long Blades    | 1 2 3 4 5 6 7 8 9 10 11 12 13 14 15 16 | 16.4
Axes           | 1 2 3 4 5 6 7 8 9 10 11 12 13 14 15 16 | 16.4
Maces & Flails | 1 2 3 4 5 6 7 8 9 10 11 12 13 14 15 16 | 16.4
Polearms       | 1 2 3 4 5 6 7 8 9 10 11 12 13 14 15 16 | 16.4
Staves         | 1 2 3 4 5 6 7 8 9 10 11 12 13 14 15 16 | 16.4
Slings         | 1 2 3 5 6 8 10 11 12 13 14 15 16 17 | 17.5
Bows           | 1 2 3 4 5 6 7 8 9 10 11 12 13 14 15 16 | 16.4
Crossbows      | 1 2 3 4 5 6 7 8 9 10 11 12 13 14 15 16 | 16.4
Throwing       | 1 2 3 4 5 6 7 8 9 10 11 12 13 14 15 16 | 16.4
Armour         | 1 2 3 4 5 6 7 8 9 10 11 12 13 14 15 16 | 16.4
Shields        | 1 2 3 4 5 6 7 8 9 10 11 12 13 14 15 16 | 16.4
Unarmed Combat | 1 2 3 4 5 6 7 8 9 10 11 12 13 14 15 16 | 16.4
Evocations     | 1 2 3 4 5 6 7 8 9 10 11 12 13 14 15 16 | 16.4
Conjurations   | 1 2 3 4 5 6 7 8 9 10 11 12 13 14 | 14.1
Hexes          | 1 2 3 4 5 6 7 8 9 10 11 12 13 14 | 14.1
Charms         | 1 2 3 4 5 6 7 8 9 10 11 12 13 14 | 14.1
Summonings     | 1 2 3 4 5 6 7 8 9 10 11 12 13 14 | 14.1
Necromancy     | 1 2 3 4 5 6 7 8 9 10 11 12 13 14 | 14.1
Translocations | 1 2 3 4 5 6 7 8 9 10 11 12 13 14 | 14.1
Transmutations | 1 2 3 4 5 6 7 8 9 10 11 12 13 14 | 14.1
Fire Magic     | 1 2 3 4 5 6 7 8 9 10 11 12 13 14 | 14.1
Air Magic      | 1 2 3 4 5 6 7 8 9 10 11 12 13 14 | 14.1
Earth Magic    | 1 2 3 4 5 6 7 8 9 10 11 12 13 14 | 14.1
Poison Magic   | 1 2 3 4 5 6 7 8 9 10 11 12 13 14 | 14.1
Dodging        | 5 6 7 8 9 10 11 12 13 14 15 16 | 16.9
Stealth        | 5 6 7 8 9 10 11 12 13 14 15 16 | 16.8
Ice Magic      | 8 9 10 11 12 13 14 15 | 15.4

Action                   |  1- 3 |  4- 6 |  7- 9 | 10-12 | 13-15 | 16-18 | 19-21 | 22-24 | 25-27 || total
-------------------------+-------+-------+-------+-------+-------+-------+-------+-------+-------++-------
Melee: Dagger            |       |    19 |    46 |       |       |       |       |       |       ||    65
       Bite              |       |     1 |    17 |    45 |    89 |   123 |   231 |   230 |    77 ||   813
       Spear             |       |       |    13 |       |       |       |       |       |       ||    13
       Long sword        |       |       |    28 |   183 |    17 |       |       |       |       ||   228
       Unarmed           |       |       |       |    15 |   504 |   339 |     3 |   613 |   374 ||  1848
       War axe           |       |       |       |       |     1 |   109 |   822 |   284 |       ||  1216
       Short sword       |       |       |       |       |     2 |       |       |       |       ||     2
       Scimitar          |       |       |       |       |       |    74 |    14 |       |       ||    88
       Eudemon blade     |       |       |       |       |       |       |       |   171 |       ||   171
Throw: Dart              |       |       |     1 |       |       |       |     1 |     1 |       ||     3
       Javelin           |       |       |       |       |       |    25 |     1 |    13 |       ||    39
       Throwing net      |       |       |       |       |       |     1 |     1 |       |       ||     2
 Cast: Freeze            |    22 |    31 |    12 |     3 |     2 |       |       |       |       ||    70
       Frozen Ramparts   |     3 |    12 |    20 |    35 |    34 |    35 |    65 |    25 |       ||   229
       Summon Ice Beast  |       |     1 |    20 |    53 |    19 |    42 |    46 |     4 |       ||   185
       Statue Form       |       |       |       |     1 |    42 |    64 |    56 |    77 |    37 ||   277
       Passage of Golubr |       |       |       |       |    83 |   117 |   136 |   181 |    92 ||   609
       Irradiate         |       |       |       |       |     2 |     4 |       |     8 |     4 ||    18
       Blink             |       |       |       |       |       |     3 |     2 |       |     3 ||     8
       Apportation       |       |       |       |       |       |       |    41 |   108 |    46 ||   195
       Dragon Form       |       |       |       |       |       |       |     1 |       |       ||     1
       Summon Forest     |       |       |       |       |       |       |     5 |    25 |    20 ||    50
       Invisibility      |       |       |       |       |       |       |       |     2 |     2 ||     4
       Aura of Abjuratio |       |       |       |       |       |       |       |     2 |     1 ||     3
       Borgnjor's Vile C |       |       |       |       |       |       |       |     8 |    88 ||    96
       Passwall          |       |       |       |       |       |       |       |       |     7 ||     7
       Controlled Blink  |       |       |       |       |       |       |       |       |     1 ||     1
Invok: Slouch            |       |       |       |     2 |     4 |     7 |    11 |    17 |    10 ||    51
       Step From Time    |       |       |       |       |       |     1 |     2 |     3 |       ||     6
       Temporal Distorti |       |       |       |       |       |       |     1 |       |       ||     1
       Bend Time         |       |       |       |       |       |       |       |     1 |       ||     1
 Abil: Evoke Flight      |       |       |       |       |       |     3 |       |       |     1 ||     4
       End Transformatio |       |       |       |       |       |     3 |     4 |     1 |     1 ||     9
       Breathe Fire      |       |       |       |       |       |       |     1 |       |       ||     1
       Stop Flying       |       |       |       |       |       |       |     1 |       |       ||     1
Evoke: Wand              |       |       |     3 |    24 |    32 |     5 |    10 |     4 |     6 ||    84
       Tin of tremorston |       |       |       |     3 |       |     3 |     3 |     2 |     2 ||    13
  Use: Scroll            |       |     1 |     7 |     6 |     7 |    10 |    15 |    24 |    18 ||    88
       Potion            |       |     1 |     1 |     2 |     1 |     3 |     5 |     3 |     1 ||    17
 Stab: Sleeping          |       |     1 |     1 |     2 |     2 |     6 |     8 |     5 |     2 ||    27
       Distracted        |       |     1 |     2 |     3 |     2 |     3 |    10 |    16 |     6 ||    43
       Paralysed         |       |       |       |     7 |       |       |       |       |       ||     7
       Confused          |       |       |       |       |       |     3 |       |       |       ||     3
       Held in net/web   |       |       |       |       |       |     1 |     3 |       |       ||     4
       Invisible         |       |       |       |       |       |       |       |    22 |     9 ||    31
  Eat: Ration            |       |       |     4 |     1 |     3 |     2 |     2 |     4 |     2 ||    18
       Chunk             |       |       |     3 |     1 |     5 |     3 |     5 |       |       ||    17
Armor: Robe              |     5 |     6 |    10 |     7 |     4 |       |       |       |       ||    32
       Acid dragon scale |       |       |     6 |    40 |       |       |       |       |       ||    46
       Skin              |       |       |       |    10 |   398 |   376 |   399 |   348 |   165 ||  1696
       Leather armour    |       |       |       |       |    14 |     8 |    10 |       |       ||    32
       Troll leather arm |       |       |       |       |       |       |     1 |     3 |     1 ||     5
Dodge: Dodged            |    20 |    79 |    97 |   216 |  1082 |   993 |  1172 |  1316 |   743 ||  5718
Block: Buckler           |       |    14 |    44 |   115 |   315 |   447 |   532 |       |       ||  1467
       Kite shield       |       |       |       |       |   466 |   222 |   411 |  1485 |   762 ||  3346
       Reflection        |       |       |       |       |       |    36 |    59 |       |       ||    95
       Rpst.: Long sword |       |       |    10 |    52 |     6 |       |       |       |       ||    68
       Scimitar          |       |       |       |       |       |    21 |     3 |       |       ||    24
       Eudemon blade     |       |       |       |       |       |       |       |    31 |       ||    31
